Cogmind - Beta 16 @@@ ROGUE MODE // 2025.10.27 @ 23:05:09 Player: Air Result: Destroyed by X-62 Marksman with Gauss Rifle Performance ------------- Evolutions (2) 1000 Regions Visited (4) 800 Robots Destroyed (65) 325 Value Destroyed (2092) 2092 Prototype IDs (5) 100 Alien Tech Used (0) 0 Bonus (492) 492 TOTAL SCORE: 4809 Bonus ------- High Alert Combat Kills 292 Entered Garrisons 200 Cogmind --------- Core Integrity 0/550 Matter 132/300 Energy 99/100 System Corruption 7% Temperature Cool (0) Movement Core (350) Ox6 Location -8/Garrison Parts ------- > --- POWER (1) -------- (None) > --- PROPULSION (5) --- (None) > --- UTILITY (3) ------ Small Storage Unit Heavy Reflective Plating > --- WEAPON (2) ------- Light Assault Rifle > --- INVENTORY (8) ---- Sensor Array ECM Suite Propulsion Shielding Utility Shielding Peak State ------------ > --- POWER ------------ Light Nuclear Core > --- PROPULSION ------- Flight Unit Cesium-ion Thruster > --- UTILITY ---------- Small Storage Unit Heavy Reflective Plating > --- WEAPON ----------- High-powered Shock Rifle High-powered Shotgun > --- INVENTORY -------- Sensor Array ECM Suite Propulsion Shielding Utility Shielding Light Assault Rifle Segregator [Rating: 27] Favorites ----------- Power Ion Engine Engine Ion Engine Power Core Nuclear Core Propulsion Flight Unit Treads Light Treads Leg Aluminum Leg Wheel Compact Wheel Hover Unit Airjet Flight Unit Flight Unit Utility Small Storage Unit Device Advanced Weight Redist. System Storage Small Storage Unit Processor Signal Interpreter Protection Propulsion Shielding Weapon Medium Laser Energy Gun Medium Laser Ballistic Gun Light Assault Rifle Launcher Mini Grenade Launcher Slashing Weapon Segregator Build | -11 -10 -10 -8 -8 ------- Run | Yrd Mat Sub Mat Gar Slots Evolved 4 | . . . 4 . Power . | . . . . . Propulsion 3 | . . . 3 . Utility 1 | . . . 1 . Weapon . | . . . . . Parts Attached 63 | 9 12 . 23 19 Power 8 | 1 1 . 3 3 Engine 4 | 1 1 . 1 1 Core 4 | . . . 2 2 Reactor . | . . . . . Propulsion 27 | 5 3 . 10 9 Treads 2 | 2 . . . . Leg 1 | 1 . . . . Wheel 2 | 2 . . . . Hover 4 | . . . 4 . Flight 18 | . 3 . 6 9 Utility 10 | 1 4 . 2 3 Device 2 | . 1 . 1 . Storage 2 | 1 1 . . . Processor 2 | . 2 . . . Hackware . | . . . . . Protection 4 | . . . 1 3 Artifact . | . . . . . Weapon 18 | 2 4 . 8 4 Energy Gun 9 | 2 3 . 3 1 Energy Cannon . | . . . . . Ballistic Gun 4 | . 1 . 2 1 Ballistic Cannon . | . . . . . Launcher 4 | . . . 3 1 Special Weapon . | . . . . . Impact Weapon . | . . . . . Slashing Weapon 1 | . . . . 1 Piercing Weapon . | . . . . . Special Melee Weapon . | . . . . . Unidentified Prototypes 2 | . . . 2 . Parts Lost 35 | . 1 1 14 19 Power 5 | . . . 2 3 Propulsion 21 | . . 1 9 11 Utility 1 | . . . . 1 Weapon 8 | . 1 . 3 4 Highest Loss Streak 8 | . 1 1 8 6 To Critical Strikes . | . . . . . Average Backups 9 | 5 12 7 6 7 Power 1 | 1 1 2 . . Propulsion 3 | 3 5 1 . . Utility 3 | . 3 4 3 4 Weapon 1 | . . . 1 2 Tool/Special . | . . . . . Unused Backups 10 | . 7 . 1 2 Power . | . . . . . Propulsion 2 | . 2 . . . Utility 4 | . 2 . . 2 Weapon 3 | . 2 . 1 . Tool/Special 1 | . 1 . . . Average Slot Usage (%) 88 | . 98 98 75 77 Engine 9 | . 13 14 7 1 Core 2 | . . . 1 7 Treads 13 | . 25 . . . Hover 1 | . . . 7 . Flight 12 | . 2 27 19 26 Device 4 | . 2 . 8 7 Storage 11 | . 14 14 9 9 Processor 9 | . 10 14 9 6 Energy Gun 17 | . 26 14 8 7 Ballistic Gun 2 | . . 14 3 2 Launcher 1 | . . . 1 6 Peak Build Rating 27 | 6 10 7 20 27 Average Rating 11 | 3 8 6 13 18 On Entrance 7 | . 6 7 7 15 Avg Prop Armor Cover (%) 4 | 21 . . 4 3 Naked Turns . | . . . . . Heaviest Build 33 | 14 31 8 24 33 Greatest Support 40 | 40 40 8 32 29 Greatest Overweight (x) 9 | . 3 . 1 9 Average Overweight (x) . | . . . . . Largest Inventory Capacity 15 | 8 15 8 8 8 Average Capacity 11 | 7 14 8 8 8 Most Carried 15 | 8 15 8 8 8 Average Carried 9 | 5 12 7 6 7 Final Capacity 8 | 8 8 8 8 8 Final Carried 8 | 6 8 7 8 4 Class Distribution -------------------- 85% | Mutant 9% | Scavenger-Sprinter 4% | Scavenger-Mutant Dominant Class ---------------- Mutant | -10/Materials Mutant | -10/Subcaves Mutant | -8/Materials Mutant | -8/Garrison Resources | -11 -10 -10 -8 -8 ----------- Run | Yrd Mat Sub Mat Gar Matter Collected 1199 | 138 264 39 215 543 Remotely . | . . . . . Salvage Created 1694 | . 360 . 618 716 Parts 106 | . 23 . 32 51 Haulers Intercepted . | . . . . . Recyclers Shooed 1 | . 1 . . . Parts Field Recycled . | . . . . . Retrieved Matter . | . . . . . Parts Self-Destructed 4 | . . 4 . . Prevented . | . . . . . Parts Restored . | . . . . . Kills | -11 -10 -10 -8 -8 ------- Run | Yrd Mat Sub Mat Gar Combat Hostiles Destroyed 55 | . 11 . 15 29 Melee 1 | . . . . 1 Guns 31 | . 11 . 11 9 AOE 23 | . . . 4 19 Classes Destroyed 13 | . 6 . 3 4 Worker 2 | . . . 2 . Builder 1 | . . . 1 . Recycler 2 | . 1 . 1 . Mechanic 2 | . 1 . 1 . Operator 1 | . 1 . . . Watcher 2 | . 1 . 1 . Swarmer 31 | . 9 . 7 15 Saboteur 2 | . . . . 2 Grunt 12 | . 2 . 6 4 Brawler 2 | . . . 2 . Sentry 6 | . . . . 6 Specialist 1 | . . . . 1 Programmer 1 | . . . . 1 Best Kill Streak 10 | . 4 . 10 7 Combat Bots Only 7 | . 3 . 7 7 Max Kills in Single Turn 5 | . 1 . 5 3 Gunslinging . | . . . . . Exploded 3 | . . . 2 3 Melee 1 | . . . . 1 Uniques/NPCs Destroyed . | . . . . . Combat | -11 -10 -10 -8 -8 -------- Run | Yrd Mat Sub Mat Gar Hostile Shots Fired 323 | . 64 11 85 163 Missed 97 | . 11 4 31 51 Hits 226 | . 53 7 54 112 Melee 2 | . . . . 2 Projectile 224 | . 53 7 54 110 Critical Strikes 12 | . 1 . 6 5 Damage Taken 3230 | . 439 140 880 1771 Core 647 | . 70 18 134 425 Absorbed by Shields . | . . . . . Redirected to Shielding 25 | . . . 5 20 Ignored by Resistances 62 | . . . . 62 Regen/Repaired (Parts) 3 | . 3 . . . Core Remaining (%) 82 | 100 . 64 . . Volleys Fired 194 | . 48 8 45 93 Largest 2 | . 2 2 2 2 Hottest 122 | . 100 60 122 122 Shots Fired 287 | . 90 16 57 124 Gun 262 | . 90 16 52 104 Cannon . | . . . . . Launcher 25 | . . . 5 20 Special . | . . . . . Kinetic 70 | . 6 8 14 42 Thermal 157 | . 77 8 29 43 Explosive 20 | . . . . 20 Electromagnetic 40 | . 7 . 14 19 Robot Hit Streak 28 | . 7 12 10 28 Robot Miss Streak 7 | . 7 1 6 6 Penetration Max . | . . . . . Secondary Targets 1 | . . . 1 . Max Gunslinging Chain 1 | . . . 1 . Shots Hit Robots 187 | . 46 14 40 87 Core Hits 105 | . 21 2 26 56 Critical Kills . | . . . . . Critical Parts Destroyed . | . . . . . Critical Strikes 12 | . 6 . . 6 Burn 12 | . 6 . . 6 Melee Attacks 12 | . . . . 12 Thermal 12 | . . . . 12 Impact . | . . . . . Slashing . | . . . . . Piercing . | . . . . . Sneak Attacks . | . . . . . Combat Hostiles . | . . . . . Follow-up Attacks . | . . . . . Damage Inflicted 4772 | . 594 138 1428 2612 Guns 2776 | . 594 138 628 1416 Cannons . | . . . . . Explosions 1996 | . . . 800 1196 Melee . | . . . . . Ramming . | . . . . . Kinetic 862 | . 15 59 211 577 Thermal 1994 | . 542 79 633 740 Explosive 1196 | . . . . 1196 Electromagnetic 720 | . 37 . 584 99 Impact . | . . . . . Slashing . | . . . . . Piercing . | . . . . . Highest Corruption 7 | . . . . 7 Average Corruption 3 | . . . . 3 Corruption Purged . | . . . . . Corruption Blocked . | . . . . . Effects 3 | . . . . 3 Message Errors 2 | . . . . 2 Parts Fused 1 | . . . . 1 Overload Shots . | . . . . . Overflow Damage 272 | . . . 165 107 Projectiles . | . . . . . Explosions 272 | . . . 165 107 Melee . | . . . . . Knockbacks . | . . . . . Impact . | . . . . . Kinetic . | . . . . . Secondary . | . . . . . Self-Inflicted Damage 367 | . . . 126 241 Shots 6 | . . . 2 4 Rammed 1 | . 1 . . . Targets Rammed 1 | . 1 . . . Kicked . | . . . . . Crushed . | . . . . . Highest Temperature 450 | . 355 . 144 450 Average Temperature 103 | . 104 . 37 135 Received Heat Transfer 918 | . 36 . 504 378 Effects 7 | . 1 . . 6 Energy Bleed 2 | . 1 . . 1 Interference 3 | . . . . 3 Matter Decay 2 | . . . . 2 Siege Activations . | . . . . . Martial Activations . | . . . . . Shielding Activations . | . . . . . Robots Disrupted . | . . . . . Combat Hostiles . | . . . . . Robots Corrupted 1 | . . . 1 . Combat Hostiles . | . . . . . Parts Fried 1 | . . . 1 . Impact Corruptions . | . . . . . Robots Melted . | . . . . . Combat Hostiles . | . . . . . Parts Melted 9 | . 3 . 1 5 Heat Transferred 4955 | . 2035 175 932 1813 Parts Sabotaged 6 | . . . . 6 Parts Stolen . | . . . . . Parts Stripped . | . . . . . Power Chain Reactions 5 | . . . 5 . Alert | -11 -10 -10 -8 -8 ------- Run | Yrd Mat Sub Mat Gar Maximum Alert Level 4 | . . . 1 4 Low Security (%) 66 | 100 100 . 59 1 Level 1 15 | . . . 40 30 Level 2 8 | . . . . 31 Level 3 7 | . . . . 29 Level 4 1 | . . . . 6 Level 5 . | . . . . . High Security . | . . . . . Max Security . | . . . . . Peak Influence 1112 | . 67 . 328 1112 Initial 144 | . . . . 144 Average 190 | . 14 . 134 602 Influence Increases 2049 | . 335 . 566 1148 Destroy 0b10 Robot/C 1100 | . 220 . 300 580 Destroy 0b10 Robot/NC 60 | . 20 . 30 10 Destroy Leader 134 | . 52 . 42 40 Successful Hack 90 | . 43 . 17 30 Disable Machine 75 | . . . 75 . Anti-Garrison Action 200 | . . . . 200 Destroy Structure 180 | . . . 42 138 Partial Spotted 30 | . . . . 30 Lose Combat Pursuer 180 | . . . 60 120 Influence Decreases 947 | . 282 53 344 268 Entered New Map 104 | . . 26 . 78 Time Decay 503 | . 272 27 204 . Lost Part 340 | . 10 . 140 190 Squads Dispatched 4 | . 3 . 1 . Investigation 1 | . 1 . . . Extermination . | . . . . . Reinforcement 3 | . 2 . 1 . Assault . | . . . . . Garrison . | . . . . . Intercept . | . . . . . Searches Triggered . | . . . . . Construction Impeded . | . . . . . Haulers Reinforced . | . . . . . Active Scanning Responses . | . . . . . Cargo Convoy Interrupts . | . . . . . Stealth | -11 -10 -10 -8 -8 --------- Run | Yrd Mat Sub Mat Gar Distress Signals 1 | . 1 . . . Communications Jammed . | . . . . . Distress Signals . | . . . . . Times Spotted 94 | . 26 4 27 37 Peak Tracking Total 9 | . 4 3 6 9 Tactical Retreats 10 | . 3 . 3 4 ECM-based Alert Blocks 9 | . 7 . 2 . Traps | -11 -10 -10 -8 -8 ------- Run | Yrd Mat Sub Mat Gar Traps Triggered 8 | . 1 . . 7 Indirectly . | . . . . . Trap Hack Attempts . | . . . . . Triggered . | . . . . . Disarmed . | . . . . . Reprogrammed . | . . . . . Reused . | . . . . . Traps Extracted . | . . . . . Installed . | . . . . . Triggered . | . . . . . Machines | -11 -10 -10 -8 -8 ---------- Run | Yrd Mat Sub Mat Gar Machines Disabled 9 | . . . 5 4 Max in Single Turn 2 | . . . 2 2 Garrison Relay 2 | . . . . 2 Phase Generator 1 | . . . . 1 Machines Repaired . | . . . . . Machines Dismantled . | . . . . . Machines Sabotaged . | . . . . . Overloaded Fab Kills . | . . . . . Hacking | -11 -10 -10 -8 -8 --------- Run | Yrd Mat Sub Mat Gar Machines Accessed 20 | . 10 . 6 4 Terminals 13 | . 7 . 2 4 Fabricators . | . . . . . Repair Stations 2 | . 1 . 1 . Recycling Units 3 | . 2 . 1 . Scanalyzers 1 | . . . 1 . Garrison Access 1 | . . . 1 . Total Hacks 47 | . 26 . 13 8 Successful 25 | . 16 . 7 2 Failed 21 | . 10 . 5 6 Catastrophic 3 | . . . . 3 Database Lockouts 1 | . . . 1 . Manual 18 | . 12 . 6 . Terminals 31 | . 19 . 4 8 Fabricators . | . . . . . Repair Stations 6 | . 3 . 3 . Recycling Units 5 | . 4 . 1 . Scanalyzers 4 | . . . 4 . Garrison Access 1 | . . . 1 . Terminal Hacks 8 | . 4 . 2 2 Robot Analysis 1 | . 1 . . . Prototype ID Bank 1 | . 1 . . . Emergency Access Points 1 | . . . . 1 Terminal Index 1 | . 1 . . . Locate Traps 1 | . 1 . . . Security Status 1 | . . . 1 . Recall Investigation 1 | . . . 1 . Security Stations 1 | . . . . 1 Fabricator Hacks . | . . . . . Repair Station Hacks 3 | . 3 . . . Scan Component 1 | . 1 . . . Repair 1 | . 1 . . . Refit 1 | . 1 . . . Recycling Unit Hacks 4 | . 3 . 1 . Report Inventory 3 | . 2 . 1 . Retrieve Components 1 | . 1 . . . Scanalyzer 3 | . . . 3 . Insert Component 1 | . . . 1 . Analyze 1 | . . . 1 . Retrieve Study 1 | . . . 1 . Garrison Access Hacks 1 | . . . 1 . Unlock Access 1 | . . . 1 . Unauthorized Hacks 6 | . 6 . . . Terminals 6 | . 6 . . . Botnet 6 | . 6 . . . Fabricators . | . . . . . Repair Stations . | . . . . . Recycling Units . | . . . . . Scanalyzers . | . . . . . Garrison Access . | . . . . . Data Cores Recovered 1 | . 1 . . . Used . | . . . . . Hacking Detections 15 | . 9 . 3 3 Full Trace Events 1 | . . . . 1 Feedback Events . | . . . . . Feedback Blocked . | . . . . . Robot Schematics Acquired . | . . . . . Robots Built . | . . . . . Authchips . | . . . . . Time . | . . . . . Total Robot Build Rating . | . . . . . Part Schematics Acquired 1 | . . . 1 . Parts Built . | . . . . . Authchips . | . . . . . Time . | . . . . . Total Part Build Rating . | . . . . . Part Studies Acquired 1 | . . . 1 . Parts Repaired 1 | . 1 . . . Time 26 | . 26 . . . Parts Recycled . | . . . . . Recycled Matter . | . . . . . Retrieved Matter . | . . . . . Retrieved Components 3 | . 3 . . . Parts Scanalyzed 1 | . . . 1 . Part Schematics Acquired 1 | . . . 1 . Parts Damaged 1 | . . . 1 . Bothacking | -11 -10 -10 -8 -8 ------------ Run | Yrd Mat Sub Mat Gar Used RIF Installer . | . . . . . Robots Hacked . | . . . . . Non-combat . | . . . . . Combat . | . . . . . Robot Hacks Applied . | . . . . . Relay Couplers Released 11 | . . . . 11 Machine Destruction 8 | . . . . 8 Programmers 3 | . . . . 3 Fabnet Peak Effective % . | . . . . . Robots Rewired . | . . . . . Allies Hacked . | . . . . . Hacks Repelled . | . . . . . Allies | -11 -10 -10 -8 -8 -------- Run | Yrd Mat Sub Mat Gar Total Allies . | . . . . . Largest Group . | . . . . . Highest-Rated Group . | . . . . . Highest-Rated Ally . | . . . . . Total Orders . | . . . . . Ally Attacks . | . . . . . Total Damage . | . . . . . Kills . | . . . . . Allies Corrupted . | . . . . . Allies Melted . | . . . . . Intel | -11 -10 -10 -8 -8 ------- Run | Yrd Mat Sub Mat Gar Active Infowar (turns) 1603 | . 1349 . 254 . Machine Analysis 983 | . 983 . . . ECM 620 | . 366 . 254 . Robot Analysis Total 1 | . 1 . . . Derelict Logs Recovered . | . . . . . Drone Launches . | . . . . . Drone Recoveries . | . . . . . Exploration | -11 -10 -10 -8 -8 ------------- Run | Yrd Mat Sub Mat Gar Turns Passed 3466 | 80 1781 128 601 876 Spaces Moved 2156 | 44 779 70 397 866 Core 6 | 3 . . . 3 Treads 620 | 19 601 . . . Legs . | . . . . . Wheels 22 | 22 . . . . Hover 146 | . . . 146 . Flight 1362 | . 178 70 251 863 Fastest Speed 26 | 50 37 37 28 26 Average Speed 79 | 122 133 37 70 35 Slowest Speed 515 | 160 277 37 120 515 Overloaded Moves . | . . . . . Propulsion Burnouts . | . . . . . Robots Hopped 5 | . . . 4 1 Potential Cave-ins . | . . . . . Cave-ins Triggered . | . . . . . Exploration Rate (%) 45 | 4 94 9 43 78 Regions Visited 4 Branch Regions 1 Pre-discovered Areas . | . . . . . Known Exits Taken 3 | . 1 1 1 . Unknown Exits Taken 1 | 1 . . . . Scrap Searched . | . . . . . Spaces Dug . | . . . . . Terrain Destroyed 221 | . . . 56 165 Melee . | . . . . . Projectile 1 | . . . 1 . AOE 220 | . . . 55 165 Terrain Rammed . | . . . . . Walls Destroyed . | . . . . . Machines Disabled . | . . . . . Actions | -11 -10 -10 -8 -8 --------- Run | Yrd Mat Sub Mat Gar Total 3588 | 66 1435 157 653 1277 Wait 1001 | 5 563 79 157 197 Move 2139 | 43 778 69 388 861 Hop 5 | . . . 4 1 Pick Up 37 | 8 15 . 10 4 Fast Attach 39 | 4 5 . 14 16 Attach 25 | 2 2 1 13 7 Detach 6 | . 1 . 5 . Swap 24 | 4 6 . 7 7 Drop 29 | . 16 . 10 3 Fire 194 | . 48 8 45 93 Melee 12 | . . . . 12 Ram . | . . . . . Kick . | . . . . . Crush 1 | . 1 . . . Escape Stasis 76 | . . . . 76 Rewire . | . . . . . Trap . | . . . . . Miscellaneous . | . . . . . Route ------- -11/Scrapyard -10/Materials (discovered 5 exits: *Mat x3 / [*Min] / *Sub) -10/Subcaves -8/Materials -8/Garrison (discovered 3 exits: *Mat x3) History --------- Turn | Location | Event 18 | -11/Scrapyard | Discovered new exit (range 15) 81 | -11/Scrapyard | Entered Materials 313 | -10/Materials | Build established: Mutant 977 | -10/Materials | Discovered new exit (range 14) 1046 | -10/Materials | Discovered new exit (range 8) 1460 | -10/Materials | Discovered new exit (range 16) 1526 | -10/Materials | Identified exit to Materials 1820 | -10/Materials | Discovered exit to Materials (range 5) 1856 | -10/Materials | Repaired Flight Unit 1860 | -10/Materials | Discovered new exit (range 5) 1862 | -10/Materials | Identified exit to Subcaves 1862 | -10/Materials | Entered Subcaves 1863 | -10/Subcaves | Approached by a straggling Scientist 1983 | -10/Subcaves | Discovered new exit (range 3) 1983 | -10/Subcaves | Identified exit to Materials 1984 | -10/Subcaves | Shifting Twisted Machinery released Sub. Machine Gun 1990 | -10/Subcaves | Entered Materials 1990 | -8/Materials | Evolved 4 slots: Propulsion x3, Utility x1 2116 | -8/Materials | Lost 5 parts (1p3n1w) 2311 | -8/Materials | Destroyed 7 combat bots 2315 | -8/Materials | Central database locked down 2415 | -8/Materials | Lost 8 parts (1p5n2w) 2590 | -8/Materials | Identified exit to Garrison 2591 | -8/Materials | Entered Garrison 2644 | -8/Garrison | Learned Materials security intel 2781 | -8/Garrison | Triggered checkpoint 2829 | -8/Garrison | Discovered new exit (range 10) 2832 | -8/Garrison | Identified exit to Materials 2845 | -8/Garrison | Triggered checkpoint 3057 | -8/Garrison | Triggered checkpoint 3061 | -8/Garrison | Discovered exit to Materials (range 12) 3066 | -8/Garrison | Attempted to access garrison exit controls, blocked by remote lockdown 3097 | -8/Garrison | Triggered checkpoint 3127 | -8/Garrison | Destroyed 7 combat bots 3163 | -8/Garrison | Discovered exit to Materials (range 10) 3166 | -8/Garrison | Attempted to access garrison exit controls, blocked by remote lockdown 3181 | -8/Garrison | Garrison Relay disabled 3185 | -8/Garrison | Garrison Relay disabled 3229 | -8/Garrison | Lost 4 parts (3n1w) 3230 | -8/Garrison | Destroyed 7 combat bots 3292 | -8/Garrison | Phase Generator disabled 3292 | -8/Garrison | Spotted B-75 Beast 3293 | -8/Garrison | Core integrity fell below 50% 3323 | -8/Garrison | Lost 3 parts (3n) 3338 | -8/Garrison | Found Hvy. Reflective Plating 3412 | -8/Garrison | Core integrity fell below 20% 3413 | -8/Garrison | Found Hvy. Reflective Plating 3453 | -8/Garrison | Lost 6 parts (2p2n1u1w) 3467 | -8/Garrison | Destroyed by X-62 Marksman with Gauss Rifle Last Messages --------------- 03414_ Critical hit (Burn: +37). 03419_ Acquired Nuclear Core. 03421_ Hpw. Shock Rifle destroyed. 03422_ Nuclear Core lost to overload. 03422_ P-60 Hacker Shock Rifle blown off. 03422_ P-60 Hacker Gravmag System blown off. 03422_ P-60 Hacker Imp. Heat Sink blown off. 03431_ 8 =Q##BHKBOEJ&YDKQTI 03431_ P-60 Hacker destroyed. 03433_ Acquired 33 matter. 03449_ G-50 Soldier destroyed. 03450_ Acquired 42 matter. 03451_ Critical hit (Burn: +37). 03455_ G-47 Trooper destroyed. 03455_ Hpw. Shotgun destroyed. 03456_ Acquired 33 matter. 03458_ Penetrated by Slug. 03460_ System corrupted: Segregator fused. 03461_ Segregator destroyed. 03467_ Penetrated by Slug. Map ----- +----------------------------------------------------+ | #?????????? | | #?????????? | | #?????????? | | ##### ## #################?????????? | | # # ####?????????????????????????? | | # ####????????????????????????????? | | ##### ##???????????????????????????????? | | #????????????????????????????????? | | ##### #????????????????????????????????? | | ????# #????????????????????????????????? | | ????# #????????????????????????????????? | | ????# #????????????????????????????????? | | ???? #????????????????????????????????? | | ???? #????????????????????????????????? | | ????####????????????????????????????????? | | #???????????????????????????????????????? | | #???????????????????????????????????????? | | #???????????????????????????????????????? | | #???????????????????????????????????????? | | ????????????????????????????????????????? | | ????????????????????????????????????????? | | ##########??????????????????????????????? | | ^^ #???????????????#######????????? | | ^ ####????????????#!! !!#????????? | | "?????########!!!!!#????????? | | ###### ## "?????#% !x^=@[!! #????????? | | ?????# ##T#?????###g####=%![[#????????? | | ?????# ####???????# #??#!!!![#????????? | | ??#### #??????????# #??#######????????? | | ??# # #??????????# #?????????????????? | | ??# # #????????### #?????????????????? | | ### # ########## # ###???????????????? | | #???????????????? | | #???????????????? | | # ############ # #???????????????? | | # #??????????# ###???????????????? | | # # #??????????# #?????????????????? | | ## # #??????????# #?????????????????? | | # #??????????# #?????????????????? | | #??????????# #?????????????????? | | # #??????????# #?????????????????? | | # # #??????????# #?????????????????? | | # # ############ ##########????????? | | # # # #????????? | | # # #????????? | | # ## #????????? | | ###### ####### ###### #### #????????? | | ?????# #?????# #????# #??# #????????? | | ?????# #?????# #????# #??# #????????? | | ?????# ###???# #??### #??# #????????? | +----------------------------------------------------+ Best States ------------- Heat Dissipation 31 Energy Generation 14 Energy Capacity 250 Matter Stores 300 Matter Capacity 300 Sight Range 16 Terrain Scan Density 10 ECM Strength 1 Additional Mass Support 9 Armor Coverage 600 Resistance: TH 25 Propulsion Shielding 33 Evasion (%) 64 Recoil Reduction 2 Item Schematics ----------------- Hvy. Particle Gun | -8/Materials | Scanalyzed Robot Schematics ------------------ None Fabricated ------------ Nothing Repaired ---------- Flight Unit | 85% | -10/Materials Studied --------- Flight Unit | -8/Materials | Hacked Alien Tech Used ----------------- None Achievements -------------- Fitting Room Ghost 'Em Let Me Out Of Here Oh No You Don't! Safety First Challenges ------------ None Game ------ Seed ActuatorDrainedSaw Manual? 0 Play Time 01:00:06 Cumulative 15.8 hours Start 2025.10.27 @ 16:37:08 End 2025.10.27 @ 23:05:09 Sessions 3 Manual Loads 0 Difficulty Rogue Special Mode None Game No. 16 Rogue 16 Adventurer 0 Explorer 0 Win Type - Total 0 Types 0/0/0/0/0/0/0/0/0/0 Lore% 18 Gallery% 17 Achievement% 15 Wizard Run 0 Options --------- Layout 1 ASCII 0 Keyboard 0 Movement Mouse Keybinds 0 Fullscreen 1 Font 16/SmallcapsGlow Map View 55x38 Zoom Use 0% Tactical HUD 1 Map Filters NONE Filters NONE Steam 1 RUN: 1a7076e7-59d7-4a18-8eaf-4435946ffbec